[Event "Chhattisgarh Masters GM 2022"]
[Site "Chhattisgarh"]
[Date "2022.09.21"]
[Round "3.1"]
[White "Pantsulaia, Levan"]
[Black "Nitish Belurkar"]
[Result "1-0"]
[ECO "A14"]
[WhiteElo "2596"]
[BlackElo "2419"]
[Annotator "TA"]
[PlyCount "73"]
[EventDate "2022.09.19"]
[EventCountry "IND"]
[SourceTitle "playchess.com"]
[Source "ChessBase"]
[SourceQuality "1"]
[TimeControl "5400+30"]

1. Nf3 Nf6 2. g3 d5 3. Bg2 e6 4. O-O Be7 5. c4 O-O 6. b3 d4 7. e3 c5 {[%emt 0:00:04] A14: English Opening: 1...e6 with b3 by White.} 8. exd4 cxd4 9. d3 Nc6 {[%emt 0:00:14] The position is equal.} 10. Na3 e5 {[%emt 0:12:56] was the old line (10...Re8).} 11. Nc2 Nd7 12. Re1 a5 {[%emt 0:02:41] Inhibits b4.} 13. a3 f6 14. Rb1 Nc5 15. b4 axb4 16. axb4 Na4 {[%emt 0:00:14] Hoping for ...Nc3.} 17. Bd2 Bf5 $2 {[%emt 0:00:41] Loses the game.} ({Better is} 17... Bg4 $14) 18. b5 $18 Nb8 {[%emt 0:02:47] [#]} 19. Nfxd4 $1 exd4 (19... Bc8 20. Nb3) 20. Bxb7 Ra7 21. Bd5+ Kh8 22. Nxd4 {[%emt 0:00:09][%cal Bc2d4,Bd4f5,Bf5e3][%mdl 32] [#]} ({Not} 22. Qf3 Bc8 $16) 22... Qc8 $146 (22... Bd7 23. Ra1 Bc5) ({Predecessor:} 22... Bxd3 23. Ne6 Qc8 24. Ra1 Nb2 25. Qg4 Bc5 26. Rxa7 Bg6 27. Rc7 Nd3 28. Rxc8 Bxf2+ 29. Kf1 Rxc8 30. Nf4 {1-0 (30) Nguyen,P (2403)-Kantor,G (2512) Roquetas de Mar 2019}) 23. b6 {[%emt 0:05:01] White is clearly winning.} Nxb6 24. Rxb6 Bc5 {[%emt 0:00:26] [#]} 25. Rxb8 Qxb8 26. Nxf5 Ra2 27. d4 Rxd2 28. Qxd2 Bb4 29. Qd1 Bxe1 30. Qxe1 {[%emt 0:00:08] And now Qe7 would win.} Re8 {[%emt 0:00:02] Inhibits Qe7.} 31. Ne3 Qb2 32. Qd1 g6 33. c5 Qc3 34. c6 Kg7 35. Kg2 f5 {[%emt 0:53:48] Inhibits Qg4.} 36. Bf3 Qb2 37. Qd3 {[%emt 0:00:40] Weighted Error Value: White=0.35/Black=0.66} 1-0

[Event "Chhattisgarh Masters GM 2022"]
[Site "Chhattisgarh"]
[Date "2022.09.21"]
[Round "3.1"]
[White "Rajesh, V A V"]
[Black "Arhan Chethan Anand"]
[Result "1-0"]
[ECO "D36"]
[WhiteElo "2331"]
[BlackElo "2155"]
[Annotator "TA"]
[PlyCount "161"]
[EventDate "2022.09.19"]
[EventCountry "IND"]
[SourceTitle "playchess.com"]
[Source "ChessBase"]
[SourceQuality "1"]
[TimeControl "5400+30"]

1. d4 d5 2. c4 e6 3. Nc3 Be7 4. Nf3 Nf6 5. cxd5 exd5 6. Bg5 c6 7. Qc2 g6 8. e3 Bf5 9. Bd3 Bxd3 10. Qxd3 Nbd7 11. O-O O-O 12. Nd2 Re8 {[%emt 0:03:56] D36: Queen's Gambit Declined: Exchange Variation: Main line (5 Bg5 c6 6 Qc2).} 13. Rfe1 Nh5 14. Bxe7 Qxe7 {[%emt 0:00:12] The position is equal.} 15. f3 Rad8 {[%emt 0:03:23] [#]} 16. Rac1 $146 ({Predecessor:} 16. Na4 Qb4 17. b3 Qa3 18. Rac1 Re6 19. g3 Ng7 20. Rc2 h5 21. Kf2 Nf5 22. Nf1 {0-1 (57) Hug,M (2200)-Thesing,M (2370) Zug 1989}) 16... Nf8 17. Na4 Qf6 18. Nc5 Re7 19. Qa3 Rde8 20. Nf1 ({Don't go for} 20. Qxa7 $2 Rxe3 21. Rxe3 Qxd4 $19) 20... a6 21. Qb4 Kh8 (21... Ne6 $15 {was preferrable.}) 22. Nd3 ({Of course not} 22. Nxb7 Rb8 23. Qd6 Rexb7 $17) 22... Rd8 23. Ne5 Qd6 24. Qxd6 Rxd6 25. Kf2 Nd7 26. Nd3 Ng7 27. Rc3 Ne6 28. Nd2 Kg7 29. Nb3 Kf8 30. Na5 Nd8 31. Rec1 Ke8 (31... g5 $11) 32. Rd1 (32. g4 $14) 32... Kf8 (32... g5 $11) 33. Nf4 (33. g4 $14) 33... Kg8 34. Rdc1 Kf8 35. g4 Kg8 36. h4 Kh8 {[%emt 0:00:30] [#]} (36... Nf6 $11) 37. b4 (37. Nxb7 $1 $16 Nxb7 38. Rxc6) 37... Nb6 38. Nd3 Na8 39. a4 Nc7 40. Nb3 Kg8 41. g5 f6 42. Nbc5 Rf7 43. gxf6 Rdxf6 44. Ne5 Re7 45. Rg1 Ne8 (45... Rf5 $11) 46. h5 $1 $36 {[%emt 0:00:00][%mdl 2048] White is really pushing. White is much more active.} Nd6 {[%emt 0:00:00] Inhibits b5.} (46... Kg7 $16 47. Ncd7 Rfe6) 47. hxg6 $18 hxg6 48. Nxg6 Rg7 49. Nf4 Rxg1 50. Kxg1 Nf5 51. Nd7 Rh6 52. Ne5 Nf7 53. Ng4 Rd6 54. Nd3 Rg6 55. Kf2 N5d6 56. Rc1 Kf8 $2 (56... Rg5 57. Nc5 Rg6) 57. Nf4 Rg8 58. Nf6 Rg5 59. Nh7+ Ke7 60. Nxg5 Nxg5 {[%emt 0:00:02][%mdl 4096] Endgame KRN-KNN} 61. Ng6+ Kf6 62. Ne5 Nf5 63. Rh1 Kg7 64. Nd7 Ne6 65. Nc5 Nd8 66. Rh5 Nd6 67. Ke2 Nc4 68. a5 Nd6 69. e4 dxe4 70. fxe4 Kg8 71. Kd3 Kg7 72. Rh2 Ne8 73. Rf2 Nf6 74. Rf1 Ne8 75. d5 {[%emt 0:01:20] [#] Threatens to win with Ne6+.} cxd5 76. exd5 {[%emt 0:00:04][%cal Be4d5,Bd5e6][%mdl 32] Black must now prevent Ne6+.} Nc7 {[%emt 0:00:05] Inhibits Ne6+.} 77. Kd4 Nb5+ 78. Kd3 {[%emt 0:00:25] Hoping for Ne6+.} Nc7 $1 {[%emt 0:00:26] Inhibits Ne6+.} 79. Ke4 Nb5 80. Ne6+ Nxe6 81. dxe6 {[%emt 0:00:06] Weighted Error Value: White=0.14 (very precise) /Black=0.30} 1-0

[Event "Chhattisgarh Masters GM 2022"]
[Site "Chhattisgarh"]
[Date "2022.09.21"]
[Round "3.2"]
[White "Savchenko, Boris"]
[Black "Nitin, S.."]
[Result "1-0"]
[ECO "E73"]
[WhiteElo "2547"]
[BlackElo "2416"]
[Annotator "TA"]
[PlyCount "63"]
[EventDate "2022.09.19"]
[EventCountry "IND"]
[SourceTitle "playchess.com"]
[Source "ChessBase"]
[SourceQuality "1"]
[TimeControl "5400+30"]

1. d4 Nf6 2. c4 g6 3. Nc3 Bg7 4. e4 d6 5. Be2 O-O 6. Be3 Nc6 7. d5 Ne5 {[%emt 0:02:10] E73: King's Indian: Averbakh Variation without 6...c5.} 8. f4 Neg4 9. Bd2 Nh6 {[%emt 0:00:24] White is slightly better.} 10. h3 {[%emt 0:12:41] Threatening g4.} e6 $1 11. g4 {[%emt 0:03:53] And now g5 would win.} exd5 12. cxd5 {[%emt 0:00:06] [#]} b5 $146 (12... Re8 $11) ({Predecessor:} 12... Re8 13. Qc2 c6 14. O-O-O b5 15. dxc6 b4 16. e5 dxe5 17. Nb5 Qa5 18. a3 Nd5 {1-0 (33) Handler,L (2422)-Papakonstantinou,D (2275) Graz 2020}) 13. a3 ({White should try} 13. Bxb5 $14 Rb8 14. a4) 13... Re8 $11 14. Qc2 (14. Bxb5 Nxe4 15. Kf1 Bd7 16. Bxd7 Qxd7 $17) 14... Rb8 (14... Qe7 15. g5 $14) (14... Bd7 $1 $11) 15. g5 $2 {[%emt 0:06:01] [#]} (15. Bxb5 $2 Nxe4 $1 16. Bxe8 Qh4+ 17. Kd1 Bxg4+ 18. hxg4 Nf2+ 19. Kc1 Qxh1 $19) (15. Bf3 $14 {stays ahead.}) 15... Nxe4 $1 $17 16. Nxe4 Nf5 (16... Bf5 $17 17. Qb3 (17. gxh6 Rxe4 18. Qc1 Qh4+ 19. Kd1 Qxh6 $17) 17... Bxe4 18. gxh6 Qh4+ 19. Kf1 (19. Kd1 $2 Bxh1 20. hxg7 Qf2 $19) 19... Bxh1 20. hxg7 Re4) 17. Bc3 (17. Nf3 $1 $14) 17... Ne3 18. Qd3 {[%emt 0:01:07] Threatens to win with Bf6.} Ng2+ 19. Kd2 {[%emt 0:02:49] [#]} (19. Kf2 $11 Nxf4 20. Qf3 Bxc3 21. Qxf4 Bd4+ 22. Kg2) 19... Nxf4 (19... Bf5 $1 $17 20. Nf6+ (20. Bxg7 Rxe4 21. Bf6 Qe8 $15) 20... Bxf6 21. Bxf6 Bxd3 22. Bxd8 Bxe2 23. Bxc7 Rbc8 24. Nxe2 Rxc7) 20. Bxg7 $11 Nxd3 21. Bf6 $36 {[%emt 0:00:16][%mdl 2048] Black is under pressure.} Qd7 22. Bg4 {[%emt 0:00:42] Prevents Qf5. Chess con chili. A strong pair of Bishops.} Qf5 23. Bxf5 $18 Bxf5 24. Ng3 Nc5 {[%emt 0:00:36] Strongly threatening ...Nb3+.} 25. Nxf5 gxf5 (25... Nb3+ $2 26. Kc3 Nxa1 27. Ne7+ Rxe7 28. Bxe7) 26. Kc2 {[%emt 0:01:27] Prevents Nb3.} Re4 27. Rf1 {[%emt 0:00:33] Against Rf4} b4 {[%emt 0:00:35] [#]} 28. axb4 $1 (28. Rxf5 Rc4+ 29. Kd2 bxa3 30. bxa3 Rb1 $11) 28... Rexb4 29. Bc3 ({Don't take} 29. Rxf5 $6 Rc4+ 30. Kb1 Nd3 $18) 29... R4b5 (29... Rc4 $142 30. Ne2 (30. Rxf5 Na4 $18) 30... Na4) 30. Ne2 {[%emt 0:01:00] aiming for Nd4. White is winning.} Na4 31. Rxf5 Nxb2 32. Nd4 {[%emt 0:00:42] Weighted Error Value: White=0.29 (precise) /Black=0.36} 1-0

[Event "Chhattisgarh Masters GM 2022"]
[Site "Chhattisgarh"]
[Date "2022.09.21"]
[Round "3.2"]
[White "Shyam, Sundar M."]
[Black "Aaryan Varshney"]
[Result "1/2-1/2"]
[ECO "C28"]
[WhiteElo "2526"]
[BlackElo "2263"]
[Annotator "TA"]
[PlyCount "87"]
[EventDate "2022.09.19"]
[EventCountry "IND"]
[SourceTitle "playchess.com"]
[Source "ChessBase"]
[SourceQuality "1"]
[TimeControl "5400+30"]

1. e4 e5 2. Bc4 Nf6 3. d3 Nc6 4. Nc3 Bb4 5. Bg5 h6 6. Bh4 (6. Bxf6 $5 Bxc3+ 7. bxc3 Qxf6 8. Qf3 $11) 6... Na5 {[%emt 0:08:54] C28: Vienna Game: 2...Nf6 3 Bc4 Nc6.} (6... g5 $5 7. Bg3 $8 d5 8. exd5 Nxd5 $11) 7. Nge2 Nxc4 8. dxc4 Be7 9. Qd3 d6 10. O-O-O Be6 {[%emt 0:09:07] [#]} (10... O-O $11 {might be stronger.}) 11. c5 $146 ({Predecessor:} 11. Kb1 Nxe4 12. Bxe7 Nxc3+ 13. Nxc3 Qxe7 14. Nd5 Bxd5 15. Qxd5 O-O-O 16. Rd3 Qe6 17. Qa5 {0-1 (38) Vasiliev,A-Belyaev,O (2120) Zhukovsky 2008}) 11... O-O 12. cxd6 Bxd6 13. Nb5 Be7 (13... Bxa2 $2 14. b3 $16) 14. Qxd8 Bxd8 15. Bxf6 gxf6 16. Ng3 Kh7 17. Nf5 c6 18. Nbd6 Rb8 19. Ne3 {[%emt 0:11:40] White has more active pieces. The black rooks are badly placed. Pair of Knights!} ({Better is} 19. Rd3 $14) 19... Bb6 $11 20. Ndf5 Rbd8 21. h4 h5 22. f3 Rg8 (22... Bxa2 $2 23. b3 $18) 23. Rxd8 Bxd8 24. g4 Bxf5 (24... hxg4 {is interesting.} 25. Nxg4 Bxf5 26. exf5 e4) 25. Nxf5 hxg4 26. fxg4 Rxg4 $15 {[%emt 0:00:07][%mdl 4096] Endgame KRB-KRN} 27. Re1 Kg6 28. a4 Bb6 29. Re2 {[%emt 0:00:29] Against Bf2} Bc5 30. c3 a5 31. Kc2 Kh5 32. Kd3 b6 33. Kc4 (33. Rc2 $11) 33... Rg1 34. Rd2 Re1 (34... Kg4 $15 35. Rh2 Kf3) 35. Kd3 $11 Rg1 36. Rc2 Rd1+ 37. Ke2 Rb1 {[%emt 0:00:45] Hoping for ...Kg4.} 38. Kf3 Rf1+ 39. Kg3 Rg1+ (39... Rf4 $15 40. Kh3 Rf3+ 41. Ng3+ Kg6) 40. Kh2 {[%emt 0:01:04][%cal Ob2b4] [#] b4! is the strong threat. The position is equal.} Re1 41. Rg2 Be3 {[%emt 0:00:00] White must now prevent ...Bf4+.} 42. Kg3 Bc5 43. Kh2 Be3 {[%emt 0:00:00] [#] Strongly threatening ...Bf4+.} 44. Kg3 {[%emt 0:00:00] Weighted Error Value: White=0.13 (very precise) /Black=0.12 (very precise)} 1/2-1/2

[Event "Chhattisgarh Masters GM 2022"]
[Site "Chhattisgarh"]
[Date "2022.09.21"]
[Round "3.2"]
[White "Pawar, Harshit"]
[Black "Avinash Ramesh"]
[Result "1/2-1/2"]
[ECO "C29"]
[WhiteElo "2111"]
[BlackElo "2328"]
[Annotator "TA"]
[PlyCount "69"]
[EventDate "2022.09.19"]
[EventCountry "IND"]
[SourceTitle "playchess.com"]
[Source "ChessBase"]
[SourceQuality "1"]
[TimeControl "5400+30"]

1. e4 e5 2. Nc3 Nf6 3. f4 d5 4. fxe5 Nxe4 5. Qf3 f5 6. d3 Nxc3 7. bxc3 d4 $1 8. Qg3 {[%emt 0:00:20] C29: Vienna Game: 2...Nf6 3 f4.} Nc6 9. Be2 $1 Be6 ({Don't take} 9... dxc3 10. Bh5+ Kd7 11. Bf7 $16) 10. Bf3 {[%emt 0:10:11] Black is slightly better. 10.c4 is the fancy move.} Qd7 {[%emt 0:04:07] [#]} ({Don't play} 10... dxc3 11. Bxc6+ bxc6 12. Ne2 $11) 11. Bxc6 $146 ({Predecessor:} 11. Ne2 Bc5 12. Bxc6 Qxc6 13. O-O dxc3+ 14. Be3 O-O-O 15. Qf2 Bxe3 16. Qxe3 Kb8 17. a4 {½-½ (23) Wang,K (2402)-Gauri,S (2353) Charlotte 2021}) 11... Qxc6 12. c4 Bb4+ 13. Bd2 Bxd2+ 14. Kxd2 O-O-O 15. Ne2 g5 ({Better is} 15... g6 $15) 16. Rab1 Qa6 17. Rb5 {[%emt 0:00:58] Prevents Qa5+.} (17. Qxg5 $11 Rhg8 18. Qf6) 17... c6 $17 18. Rb2 Qa5+ 19. Kc1 Rhg8 (19... h6 $1 $17 {aiming for ...Rhe8.} 20. Qe1 Qxe1+ 21. Rxe1 f4) 20. Kb1 ({White should play} 20. Qe1 $15 Qc5 21. h4) 20... f4 21. Qe1 Qxe5 22. Nxd4 Qxe1+ ({Stronger than} 22... Qxd4 23. Qxe6+ Qd7 24. Qh6 $15) 23. Rxe1 {[%emt 0:00:03] [#]} Bxc4 (23... Bg4 $1 $17 24. Re4 Rge8 25. Rxe8 Rxe8) 24. Nf5 $11 {[%emt 0:01:32] And now Ne7+ would win.} Rgf8 $1 25. Ne7+ Kc7 {[%emt 0:00:07] White must now prevent ...Bf7.} 26. dxc4 g4 27. c3 f3 28. gxf3 gxf3 29. Rf2 Rd7 30. Re3 Kd8 31. Nxc6+ bxc6 32. Rexf3 Rxf3 33. Rxf3 {[%emt 0:00:03] Threatening Rh3.} Rg7 {[%emt 0:00:23] [#]} (33... Rd2 $11) 34. Rh3 $1 $16 Kc7 35. Kc2 {[%emt 0:00:39] Weighted Error Value: White=0.16 (very precise) /Black=0.21 (precise)} 1/2-1/2

[Event "Chhattisgarh Masters GM 2022"]
[Site "Chhattisgarh"]
[Date "2022.09.21"]
[Round "3.3"]
[White "Batchuluun, Tsegmed"]
[Black "Mrudul Dehankar"]
[Result "1-0"]
[ECO "E11"]
[WhiteElo "2478"]
[BlackElo "2256"]
[Annotator "TA"]
[PlyCount "125"]
[EventDate "2022.09.19"]
[EventCountry "IND"]
[SourceTitle "playchess.com"]
[Source "ChessBase"]
[SourceQuality "1"]
[TimeControl "5400+30"]

1. d4 Nf6 2. c4 e6 3. Nf3 Bb4+ 4. Bd2 Qe7 5. g3 Bxd2+ 6. Qxd2 Nc6 {[%emt 0:00:35] E11: Bogo-Indian.} 7. Nc3 d5 8. Bg2 dxc4 {[%emt 0:05:45] The position is equal.} 9. Ne5 Nxe5 10. dxe5 Nd7 11. Qd4 O-O 12. f4 Nb6 13. Rd1 Bd7 14. Bxb7 {[%emt 0:15:59] [#]} Rad8 $146 {[%emt 0:02:59] ...Ba4 is the strong threat.} ({Predecessor:} 14... Rab8 15. Bf3 Rfd8 16. Qe3 Qb4 17. Rd2 Be8 18. Kf2 Rxd2 19. Qxd2 Na4 20. Rc1 Qxb2 21. Qxb2 Nxb2 {½-½ (48) Spalir,J (2335)-Rashkovsky,N (2482) Bled 2018}) 15. Qe3 Qb4 16. Bf3 Qxb2 17. O-O Na4 18. Rc1 Nxc3 19. Qxc3 Qxc3 ({But not} 19... Qxa2 20. Qxc4 Qxc4 21. Rxc4 $14) 20. Rxc3 Bb5 21. Rb1 Rb8 22. Ra3 c6 (22... a6 $11) 23. Rxa7 {[%emt 0:00:28] White has more active pieces.} (23. Ra5 $16) 23... c3 $1 $11 {[%emt 0:00:29] Strongly threatening ...c2.} 24. Rc1 $36 {[%emt 0:02:33][%mdl 2048] Black is under pressure.} Ra8 25. Rxa8 Rxa8 26. Rxc3 {[%emt 0:00:28][%mdl 4096] Endgame KRB-KRB} Kf8 (26... Rxa2 $11 {remains equal.} 27. Bxc6 Bxe2) 27. a3 $16 ({Much weaker is} 27. Bxc6 $6 Rc8 $11) 27... Ke7 28. Kf2 Kd7 29. Ke3 Kc7 30. Be4 g6 31. g4 Rd8 $2 {[%emt 0:00:31][%mdl 8192] [#] Loses the game.} ({Better is} 31... h6 $14) 32. Bc2 (32. a4 $1 $18 {[%cal Ra4b5] is the precise move to win.} Bxa4 33. Ra3) 32... Kb6 33. a4 Ba6 34. Be4 c5 35. Bd3 {[%emt 0:01:24] Against c4} Bb7 36. Rb3+ Ka7 37. Rb5 Rc8 38. Bc4 Bc6 39. Rb2 ({Worse is} 39. Rxc5 Kb6 40. Rxc6+ Kxc6 $11) 39... Rd8 {[%emt 0:00:24] [#]} 40. Bb5 $1 Bb7 (40... Kb6 $16 41. a5+ Kc7) 41. Rd2 $18 Bd5 42. Bc4 Kb6 43. Bxd5 exd5 {[%emt 0:00:00] KR-KR} 44. Rb2+ Kc6 (44... Ka6 $142 45. g5 Rh8) 45. a5 d4+ 46. Ke4 c4 47. a6 c3 48. Ra2 Kc5 $2 (48... Kb6 49. a7 Kb7) 49. a7 Ra8 50. Kd3 Kb4 51. Kc2 Kc4 52. f5 {[%emt 0:00:32] aiming for e6.} gxf5 53. gxf5 {[%emt 0:00:03] And now e6 would win.} Kd5 {[%emt 0:00:54] Against e6} 54. Ra5+ Kc6 55. e3 Kb6 56. Ra2 dxe3 57. Kxc3 e2 58. Kd2 e1=Q+ 59. Kxe1 Kc5 60. Kf2 Kd5 61. Ra5+ Kc6 62. Kf3 Kb6 63. Ra2 {[%emt 0:00:07] Weighted Error Value: White=0.15 (very precise) /Black=0.40} 1-0

[Event "Chhattisgarh Masters GM 2022"]
[Site "Chhattisgarh"]
[Date "2022.09.21"]
[Round "3.3"]
[White "Saptarshi, Roy"]
[Black "Krasenkow, Michal"]
[Result "0-1"]
[ECO "B15"]
[WhiteElo "2388"]
[BlackElo "2545"]
[Annotator "TA"]
[PlyCount "112"]
[EventDate "2022.09.19"]
[EventCountry "IND"]
[SourceTitle "playchess.com"]
[Source "ChessBase"]
[SourceQuality "1"]
[TimeControl "5400+30"]

1. e4 g6 2. d4 Bg7 3. Nc3 c6 4. Be3 d5 5. Qd2 dxe4 6. Nxe4 Nd7 7. Ne2 {[%emt 0:03:57] B15: Caro-Kann: 3 Nc3: 3...g6 and 3...dxe4 4 Nxe4 Nf6 5 Nxf6+ exf6.} Ngf6 8. N2c3 Qa5 9. f3 {[%emt 0:03:28] [#] The position is equal.} O-O $146 ({Predecessor:} 9... Nxe4 10. fxe4 Nb6 11. O-O-O Be6 12. a3 O-O-O 13. Qf2 Bc4 14. Bd3 Rhf8 15. Ne2 Bxd3 16. Rxd3 {1-0 (46) Frisk,E (2184)-Boricsev,O (2388) Bugibba 2011}) 10. Bc4 Nxe4 11. fxe4 c5 12. d5 Ne5 (12... Nb6 $5 13. Be2 Bg4 $15) 13. Be2 Bg4 14. O-O Rab8 15. a3 Rfc8 16. Kh1 Bd7 17. Bg5 Re8 18. d6 {[%emt 0:05:45] Strongly threatening b4.} e6 19. Bf6 {[%emt 0:09:18] aiming for Bxg7.} c4 20. Qf4 ({White should play} 20. Bxg7 $14 Kxg7 21. Bxc4 $1) 20... Bxf6 $11 21. Qxf6 Rf8 22. Rad1 Bc6 {[%emt 0:05:20] Prevents Nd5.} 23. Qg5 (23. a4 $5) 23... Qc5 24. Nd5 exd5 $17 25. Qxe5 Rbe8 26. Qd4 Qxd4 ({Much less strong is} 26... Qxd6 27. Bxc4 Qe5 28. exd5 Qxd4 29. Rxd4 $16) 27. Rxd4 Rxe4 28. Rxe4 dxe4 29. Bxc4 {[%emt 0:00:04][%mdl 4096] Endgame KRB-KRB} Kg7 (29... b5 $142 30. Ba2 Kg7) 30. b4 b5 31. Bb3 (31. Be2 $17 {was worth a try.}) 31... f5 $1 $19 32. c4 (32. Rd1 $142) 32... bxc4 33. Bxc4 Kf6 34. b5 (34. Rd1 $142) 34... Bd7 35. a4 Rc8 36. Bd5 Ke5 37. Rd1 Rc3 {[%emt 0:00:37] Against Bc6. White must now prevent ...Rd3.} 38. Kg1 Rd3 39. Rxd3 exd3 {[%emt 0:00:03] KB-KB} 40. Bf3 g5 ({Worse is} 40... Kxd6 41. Kf2 $17) 41. Kf2 g4 ({And not} 41... Kxd6 42. Ke3 $15) 42. Ba8 {[%emt 0:00:19] [#]} (42. Bd1 f4 43. g3) 42... Kd4 $1 {[%emt 0:01:19] Black is clearly winning.} 43. Bc6 d2 44. Ke2 {[%emt 0:00:00] [#]} Kc3 $1 {[%emt 0:00:00] ( -> ...Bxc6)} 45. Bxd7 {[%emt 0:00:00] KB-KP} Kc2 46. Bxf5+ Kc1 47. d7 d1=Q+ 48. Kf2 h5 49. h3 gxh3 50. Bxh3 Qd4+ 51. Ke2 h4 52. Kf3 Kd2 53. a5 Qc3+ 54. Ke4 Qxa5 55. Be6 Qc7 {[%emt 0:00:00] Threatens to win with ...Kc3.} 56. Kf5 Kc3 {[%emt 0:00:00] Weighted Error Value: White=0.70/Black=0.34} 0-1

[Event "Chhattisgarh Masters GM 2022"]
[Site "Chhattisgarh"]
[Date "2022.09.21"]
[Round "3.3"]
[White "Jaiswal, Rupesh"]
[Black "Srinath, Rao S.V."]
[Result "*"]
[ECO "B01"]
[WhiteElo "2107"]
[BlackElo "2317"]
[Annotator "TA"]
[PlyCount "44"]
[EventDate "2022.09.19"]
[EventCountry "IND"]
[SourceTitle "playchess.com"]
[Source "ChessBase"]
[SourceQuality "1"]
[TimeControl "5400+30"]

1. e4 d5 2. exd5 Qxd5 3. Nc3 Qa5 4. Nf3 Nf6 5. d4 c6 6. Bc4 Bf5 7. Bd2 Nbd7 8. Qe2 Qc7 {[%emt 0:00:17] 8...Qc7 is better than 8...e6.} 9. O-O-O e6 10. Ne5 {[%emt 0:12:03] B01: Scandinavian Defence.} h5 11. h3 h4 {[%emt 0:04:02] [#]} 12. Rhe1 $146 {[%emt 0:02:38][%cal Oe5f7] White is slightly better.} ({Predecessor:} 12. Bg5 Nb6 13. Bd3 Bxd3 14. Rxd3 Bd6 15. Rhd1 Bb4 16. Rf3 Bxc3 17. bxc3 Qe7 18. Ng4 {½-½ (28) Parikh,V (2394)-Palit,S (2306) Atul 2006}) 12... Nb6 {[%emt 0:04:06] [#]} (12... Nxe5 $1 $11 {remains equal.} 13. dxe5 (13. Qxe5 O-O-O $11) 13... Nd5) 13. Bd3 (13. d5 $1 $16 {[%cal Rd5e6] Hoping for dxe6.} Nbxd5 14. Nxd5 Nxd5 15. Bxd5 cxd5 16. Qb5+ Ke7 17. Bc3) 13... Bxd3 $14 14. Qxd3 ({But not} 14. cxd3 $6 O-O-O $11) 14... O-O-O 15. f4 {[%emt 0:01:53] White is more active.} g6 16. Ne4 Nxe4 17. Qxe4 Nd5 (17... Kb8 $11) 18. c4 Nf6 19. Qe3 {[%emt 0:30:42][%cal Od4d5] d5! is the strong threat.} Kb8 20. Bc3 {[%emt 0:05:09][%cal Od4d5] Threatens to win with d5!} Bh6 21. d5 cxd5 {[%emt 0:23:53] [#]} 22. Nxg6 $1 Nd7 {[%emt 0:01:50] Weighted Error Value: White=0.18 (very precise) /Black=0.18 (very precise)} *

[Event "Chhattisgarh Masters GM 2022"]
[Site "Chhattisgarh"]
[Date "2022.09.21"]
[Round "3.3"]
[White "Kumar, Gaurav"]
[Black "Omidi, Arya"]
[Result "1/2-1/2"]
[ECO "B01"]
[WhiteElo "2073"]
[BlackElo "2309"]
[Annotator "TA"]
[PlyCount "120"]
[EventDate "2022.09.19"]
[EventCountry "IND"]
[SourceTitle "playchess.com"]
[Source "ChessBase"]
[SourceQuality "1"]
[TimeControl "5400+30"]

1. e4 d5 2. exd5 Qxd5 3. Nc3 Qa5 4. Nf3 Nf6 5. d4 c6 6. Bc4 Bf5 7. Bd2 Nbd7 8. Qe2 Qc7 $1 {[%emt 0:00:17] 8...Qc7 scores better than 8...e6.} 9. O-O-O e6 10. Ne5 {[%emt 0:12:03] B01: Scandinavian Defence.} (10. Nh4 $5 Bg6 11. d5 (11. Nxg6 hxg6 12. g3 O-O-O $11) 11... cxd5 12. Nxg6 hxg6 13. Nxd5 Nxd5 14. Bxd5 $14) 10... h5 11. h3 h4 {[%emt 0:04:02] [#]} 12. Rhe1 $146 {[%emt 0:02:38][%cal Oe5f7] White is slightly better.} (12. Bg5 $5 ) ({Predecessor:} 12. Bg5 Nb6 13. Bd3 Bxd3 14. Rxd3 Bd6 15. Rhd1 Bb4 16. Rf3 Bxc3 17. bxc3 Qe7 18. Ng4 {½-½ (28) Parikh,V (2394)-Palit,S (2306) Atul 2006}) 12... Nb6 (12... Nxe5 $11 {keeps the balance.} 13. dxe5 (13. Qxe5 O-O-O $11) 13... Nd5) 13. Bd3 (13. d5 {is interesting.} Nbxd5 14. Nxd5 Nxd5 15. Bxd5 cxd5 16. Qb5+) 13... Bxd3 14. Qxd3 (14. cxd3 O-O-O $11) 14... O-O-O 15. f4 g6 16. Ne4 Nxe4 17. Qxe4 Nd5 18. c4 Nf6 19. Qe3 Kb8 20. Bc3 Bh6 21. d5 (21. Kb1 $5 Bg7 22. Qf2 $14) 21... cxd5 {[%emt 0:23:53] [#]} 22. Nxg6 $1 Nd7 23. Ne5 (23. Nxh8 $2 Bxf4 24. Nxf7 Bxe3+ 25. Kb1 Rf8 26. cxd5 e5 27. Nxe5 Nxe5 $19) 23... Nb6 24. c5 $36 {[%emt 0:01:49][%mdl 2048] White is pushing.} (24. Kb1 $5 ) 24... Na4 (24... Nc4 $5 25. Qf3 (25. Nxc4 Bxf4 26. Be5 Bxe3+ $17) 25... Bg7 $11) 25. Bd4 {[%emt 0:00:15] Kb1 is the strong threat.} f6 26. Kb1 $1 Ka8 (26... fxe5 $2 27. Bxe5 b6 28. Bxc7+ $18) (26... Qh7+ $11 {remains equal.} 27. Qd3 (27. Nd3 e5 $11) 27... fxe5 28. Bxe5+ Ka8 29. Bxh8 Qxh8) 27. Ng4 e5 28. Nxh6 exd4 29. Qxd4 Nxc5 (29... Nxb2 $11 30. Kxb2 (30. Qxb2 Rxh6 31. Qd4 Rg6 $11) 30... Rxh6) 30. Ng4 $1 $16 ({But not} 30. Qxf6 Ne4 31. Qd4 (31. Qf7 $2 Qb6 $19) 31... Qxf4 $11) 30... f5 31. Nf6 {[%emt 0:00:26] White is more active.} Ne4 32. Nxd5 Qa5 (32... Qf7 $16) 33. Ka1 Rhe8 {[%emt 0:00:35] [#]} 34. b4 $1 Qa4 {[%emt 0:01:41] [#]} 35. Nc3 $2 (35. Qg7 $1 $16) 35... Rxd4 $11 36. Nxa4 Rxb4 37. Nc5 (37. Nc3 $5 ) 37... a6 (37... b6 $5 38. Nd3 Rc4 $15) 38. Re2 Rc4 39. Rd5 {[%emt 0:00:29] The position is equal.} Rg8 40. Nxe4 Rxe4 41. Rxe4 fxe4 {[%emt 0:00:02][%mdl 4096] Endgame KR-KR} 42. Rd2 Ka7 43. Re2 Re8 44. f5 Kb6 {[%emt 0:00:00] Threatens to win with ...Kc5.} 45. f6 e3 46. Kb2 Kc5 {[%emt 0:00:00] Strongly threatening ...Kd4.} 47. f7 Rf8 {[%emt 0:00:00] White must now prevent ...Kd4.} 48. Rxe3 Rxf7 49. g3 Rf2+ 50. Kb3 Kd4 51. Rc3 Rxa2 {[%emt 0:00:00][%cal Oa2a3] Hoping for ...Ra3+!} 52. Rc4+ Kd5 53. Rxh4 Rg2 54. Rg4 b5 55. h4 a5 56. Rg5+ Kc6 57. Rg6+ Kc5 58. Rg5+ Kc6 59. Rg6+ Kc5 60. Rg5+ Kc6 {[%emt 0:11:32] Weighted Error Value: White=0.15 (very precise) /Black=0.16 (very precise)} 1/2-1/2